 Dungeon Crawl Stone Soup version 0.21.1-1-g345015f (webtiles) character file.

1439 lysyklops the Digger (level 8, -3/67 HPs)
             Began as a Yellow Draconian Earth Elementalist on July 25, 2018.
             Was a Follower of Sif Muna.
             Slain by an orc knight
             ... wielding a +0 bardiche
              (19 damage)
             ... in a bailey.
             The game lasted 00:31:37 (8536 turns).

lysyklops the Digger (DrEE)                         Turns: 8536, Time: 00:31:37

Health: -3/67      AC:  8    Str: 10    XL:     8   Next: 45%
Magic:  5/14       EV: 13    Int: 18    God:    Sif Muna [*.....]
Gold:   338        SH:  0    Dex: 12    Spells: 11/15 levels left

rFire    . . .     SeeInvis .   n - +2 dagger (elec)
rCold    . . .     Gourm    .   (no shield)
rNeg     . . .     Faith    .   (armour unavailable)
rPois    .         Spirit   .   (helmet restricted)
rElec    .         Reflect  .   (no cloak)
rCorr    +         Harm     .   y - +0 pair of gloves
MR       .....                  v - +0 pair of boots
Stlth    ++........             (no amulet)
HPRegen  0.21/turn              (no ring)
MPRegen  0.14/turn              (no ring)

@: short of breath
A: spit acid, acid resistance, unfitting armour, cold-blooded, AC +6
a: Breathe Acid, Divine Energy, Renounce Religion


You were in a bailey.
You worshipped Sif Muna.
Sif Muna was aware of your devotion.
You were not hungry.

You visited 1 branch of the dungeon, and saw 7 of its levels.
You also visited: Ossuary and Bailey.

You collected 338 gold pieces.

Inventory:

Hand Weapons
 a - a +0 dagger
 n - a +2 dagger of electrocution (weapon)
 q - a +0 hunting sling
Missiles
 b - 149 stones (quivered)
 k - 101 sling bullets
Armour
 v - a +0 pair of boots (worn)
 y - a +0 pair of gloves (worn)
Jewellery
 p - a cursed -3 ring of intelligence {unknown}
 J - a +6 ring of strength {unknown}
Wands
 r - a wand of digging (11)
 x - a wand of disintegration (23)
 H - a wand of paralysis (12)
Scrolls
 e - 4 scrolls of remove curse {unknown}
 f - a scroll of amnesia {unknown}
 g - 2 scrolls of fear {unknown}
 h - 14 scrolls of identify {unknown}
 i - 3 scrolls of teleportation {unknown}
 j - a scroll of magic mapping {unknown}
 o - 2 scrolls of noise {unknown}
 t - 2 scrolls of blinking {unknown}
 u - a scroll of enchant weapon {unknown}
 B - 3 scrolls of immolation {unknown}
 E - 6 scrolls of random uselessness {unknown}
Potions
 l - 5 potions of curing {unknown}
 w - 2 potions of brilliance {unknown}
 z - a potion of haste {unknown}
 A - 3 potions of flight {unknown}
 C - a potion of lignification {unknown}
 D - 3 potions of ambrosia {unknown}
 F - 6 potions of degeneration {unknown}
 G - 3 potions of heal wounds {unknown}
 I - 2 potions of mutation {unknown}
Books
 d - a book of Geomancy

   Spells                             Type                      Level
   a - Sandblast                      Earth                        1
   b - Passwall                       Transmutation/Earth          2
   c - Stone Arrow                    Conjuration/Earth            3
   d - Petrify                        Transmutation/Earth          4
   e - Lee's Rapid Deconstruction     Earth                        5
 m - a book of Maledictions

   Spells                             Type                      Level
   a - Corona                         Hexes                        1
   b - Ensorcelled Hibernation        Hexes/Ice                    2
   c - Confuse                        Hexes                        3
   d - Tukima's Dance                 Hexes                        3
   e - Dazzling Spray                 Conjuration/Hexes            3
 s - a book of Air

   Spells                             Type                      Level
   a - Shock                          Conjuration/Air              1
   b - Swiftness                      Charms/Air                   2
   c - Static Discharge               Conjuration/Air              3
   d - Airstrike                      Air                          4
   e - Lightning Bolt                 Conjuration/Air              5
Comestibles
 c - 10 rations
 K - a chunk of flesh


   Skills:
 + Level 4.4 Fighting
 + Level 4.0 Short Blades
 - Level 3.6 Dodging
 - Level 1.9 Stealth
 + Level 4.4 Spellcasting
 + Level 1.9 Conjurations
   Level 1.0 Transmutations
 + Level 6.6 Earth Magic


You had 11 spell levels left.
You knew the following spells:

 Your Spells              Type           Power        Failure   Level  Hunger
a - Sandblast             Erth           ####..       1%          1    None
b - Stone Arrow           Conj/Erth      ###...       7%          3    ###....


Dungeon Overview and Level Annotations

Branches:
Dungeon (7/15)             Temple (0/1) D:7

Altars:
Cheibriados
Elyvilon
Gozag
Ru
Sif Muna
Vehumet

Annotations:
D:4 bworf's ghost, novice HuGl
D:5 Lidrolic's ghost, novice HuFi
D:6 exclusion: statue


Innate Abilities, Weirdness & Mutations

You can spit globs of acid.
You are resistant to acid.
Your golden yellow scales are hard. (AC +6)
You cannot fit into any form of body armour.
You are cold-blooded and may be slowed by cold attacks.


Message History

The hobgoblin shouts!
A hobgoblin and a gnoll come into view.
Casting: Sandblast
Confirm with . or Enter, or press ? or * to list all spells.
Aiming: Sandblast
Press: ? - help, Shift-Dir - straight line, f/p - orc knight
Aim: an orc knight, wielding a bardiche and wearing a chain mail (heavily wounded)
The blast of sand hits the orc knight.
The orc knight is severely wounded.
b - 150 stones The gnoll shouts!
The hobgoblin shouts!
You hear a shout!
Casting: Sandblast
Confirm with . or Enter, or press ? or * to list all spells.
Aiming: Sandblast
Press: ? - help, Shift-Dir - straight line, f/p - orc knight
Aim: an orc knight, wielding a bardiche and wearing a chain mail (severely wounded)
The blast of sand misses the orc knight.
b - 149 stones The orc knight hits you from afar with a bardiche!!
You die...

## ### ##### ### ###
#.# #.###)(.###.###∩#
#'##'##(###'##'##(##
#....(## ##...()##
###....)#####.....###
#.'..(..'.#.'..∩..'.#
###.....#####.....###
##gKo.@# #.....#
##'##'##'# #'##'##'#
#.###.# #.#)# #.# #.#
#'# ### ### ### ##
#g# #g#g# ##'# #K#
#g# #)K .g#


#gg Kg..K gg .⌠..' You could see an orc knight, 4 gnolls, 3 hobgoblins and a
kobold.

Vanquished Creatures
  An orc warrior (D:4)
  3 ogres
  A centaur (D:5)
  A scorpion (D:4)
  A howler monkey (D:4)
  3 crimson imps (D:6)
  An orc wizard (D:5)
  3 orc priests
  2 hounds
  3 worker ants
  Natasha (thrice) (D:3)
  2 big kobold zombies (Ossuary)
  4 mummies (Ossuary)
  A howler monkey zombie (D:5)
  A worker ant zombie (D:6)
  10 gnolls
  A howler monkey skeleton (D:5)
  7 adders
  A shadow imp (D:6)
  An adder skeleton (D:4)
  3 adder zombies
  7 worms
  3 dart slugs
  6 leopard geckos
  25 orcs
  5 giant cockroaches
  17 goblins
  12 hobgoblins
  7 jackals
  3 quokkas
  A ball python (D:1)
  5 bats
  11 frilled lizards
  A goblin zombie (Ossuary)
  A hobgoblin zombie (Ossuary)
  20 kobolds
  A leopard gecko skeleton (D:4)
  A leopard gecko zombie (D:5)
  4 orc zombies (Ossuary)
  8 rats
191 creatures vanquished.

Notes
Turn   | Place    | Note
-------+----------+-------------------------------------------
     0 | D:1      | lysyklops the Draconian Earth Elementalist began the quest for the Orb.
     0 | D:1      | Reached XP level 1. HP: 14/14 MP: 3/3
   211 | D:1      | Reached XP level 2. HP: 20/20 MP: 0/5
   962 | D:1      | Reached XP level 3. HP: 26/27 MP: 4/6
  1550 | D:2      | Reached skill level 1 in Fighting
  1665 | D:2      | Reached skill level 1 in Short Blades
  1666 | D:2      | Reached XP level 4. HP: 31/35 MP: 3/7
  2436 | D:3      | Reached skill level 4 in Earth Magic
  2549 | D:3      | Noticed Natasha
  2568 | D:3      | Killed Natasha
  2578 | D:3      | Noticed Natasha
  2581 | D:3      | Killed Natasha
  2581 | D:3      | Reached XP level 5. HP: 25/41 MP: 3/9
  3327 | D:3      | Noticed Natasha
  3337 | D:3      | Killed Natasha
  3553 | D:3      | Reached XP level 6. HP: 40/48 MP: 10/10
  3663 | D:3      | Found a sacrificial altar of Ru.
  3825 | D:4      | Reached skill level 5 in Earth Magic
  3839 | D:4      | Noticed bworf's ghost (novice HuGl)
  4410 | D:4      | Learned a level 3 spell: Stone Arrow
  4672 | D:4      | Found a white marble altar of Elyvilon.
  5163 | D:5      | Entered Level 5 of the Dungeon
  5166 | D:5      | Noticed an orc warrior
  5186 | D:5      | Noticed Lidrolic's ghost (novice HuFi)
  5506 | D:5      | Found an opulent altar of Gozag.
  5511 | D:5      | Your scales start taking on a golden yellow colour.
  5511 | D:5      | Reached XP level 7. HP: 56/56 MP: 5/12
  6423 | D:5      | Reached skill level 6 in Earth Magic
  6802 | D:5      | Found a deep blue altar of Sif Muna.
  6805 | D:5      | Became a worshipper of Sif Muna the Loreminder
  6875 | D:6      | Reached XP level 8. HP: 54/66 MP: 9/14
  6994 | D:6      | Found a sand-covered staircase.
  7000 | Ossuary  | Entered an ossuary
  7154 | Ossuary  | Reached skill level 1 in Conjurations
  7763 | D:6      | Found a radiant altar of Vehumet.
  7851 | D:6      | Found a snail-covered altar of Cheibriados.
  8076 | D:7      | Found a staircase to the Ecumenical Temple.
  8267 | D:7      | Found a flagged portal.
  8305 | Bailey   | Entered a bailey
  8334 | Bailey   | Reached * piety under Sif Muna
  8509 | Bailey   | Noticed an orc knight
  8536 | Bailey   | Slain by an orc knight

Skill      XL: |  1  2  3  4  5  6  7  8 |
---------------+-------------------------+-----
Dodging        | 2 3 |  3.6
Fighting       | 1 2 3 4 |  4.4
Short Blades   | 1 2 3 4 |  4.0
Earth Magic    | 4 5 6 |  6.6
Spellcasting   | 3 4 |  4.4
Conjurations   | 1 |  1.9
Stealth        | |  1.9
Transmutations | |  1.0

Action                   |  1- 3 |  4- 6 |  7- 9 || total
-------------------------+-------+-------+-------++-------
Melee: Dagger            |    59 |   130 |   130 ||   319
       Unarmed           |     3 |       |       ||     3
       Tailslap          |     8 |     7 |    12 ||    27
 Cast: Sandblast         |    54 |    70 |   108 ||   232
 Abil: Breathe Acid      |       |       |     2 ||     2
 Stab: Sleeping          |       |     8 |     1 ||     9
       Distracted        |       |       |     1 ||     1
  Eat: Chunk             |     2 |     8 |     8 ||    18
       Ration            |       |     1 |     1 ||     2
Armor: Skin              |    24 |    30 |    28 ||    82
Dodge: Dodged            |    50 |    87 |    74 ||   211
